 Dungeon Crawl Stone Soup version 0.29.1-15-g9cfb28693d (webtiles) character file.

Game seed: 2940794726800538654

2 bmack86 the Shield-Bearer (level 1, 0/19 HPs)
             Began as a Meteoran Fighter on July 21, 2023.
             Slain by a gnoll
             ... wielding a +0 spear
              (4 damage)
             ... on level 2 of the Dungeon.
             The game lasted 00:00:49 (114 turns).

bmack86 the Shield-Bearer (Meteoran Fighter)         Turns: 114, Time: 00:00:50

Health: 0/19       AC:  8    Str: 17    XL:     1   Next: 57%
Magic:  2/2        EV:  9    Int:  9    God:
Gold:   0          SH:  5    Dex: 13    Spells: 0/0 levels left

rFire   . . .      SeeInvis .   a - +0 war axe
rCold   . . .      Faith    .   c - +0 buckler
rNeg    . . .      Spirit   .   b - +0 scale mail
rPois   .          Reflect  .   f - +2 hat
rElec   .          Harm     .   (no cloak)
rCorr   .          Rampage  .   (no gloves)
Will    .....                   (no boots)
Stlth   ..........              (no amulet)
HPRegen 0.06/turn               (no ring)
MPRegen 0.08/turn               (no ring)

@: mighty, glowing
A: sense surroundings 1, otherworldly, glowing, explore regen
a: no special abilities


You were on level 2 of the Dungeon.
You visited 1 branch of the dungeon, and saw 2 of its levels.

Inventory:

Hand Weapons
 a - a +0 war axe (weapon)
Missiles
 e - 2 boomerangs (quivered)
Armour
 b - a +0 scale mail (worn)
 c - a +0 buckler (worn)
 f - a +2 hat (worn)
Potions
 g - 2 potions of curing {unknown}


   Skills:
 + Level 3.3 Fighting
 * Level 2.5 Axes
 + Level 3.6 Armour
 + Level 3.6 Shields


You couldn't memorise any spells.
You didn't know any spells.
Your spell library was empty.

Dungeon Overview and Level Annotations

Branches:
Dungeon (2/15) Zot: 1083

Altars:


Innate Abilities, Weirdness & Mutations

You passively map a small area around you.
You are easily found by Zot.
You glow in the dark.
You regain HP and MP as you explore.


Message History

g - 2 silvery potions (gained 1)
Found an escape hatch in the floor.
There is an escape hatch in the floor here.
There is an escape hatch in the floor here.
You slide downwards.
The hatch slams shut behind you.
The gnoll shouts! x3; The goblin shouts!
You hear a shout! x3
Found 4 stones and 6 gold pieces.
You feel very mighty all of a sudden.
A bat comes into view.
A gnoll comes into view. It is wielding a +0 club.
An endoplasm comes into view.
The gnoll shouts!
The rat bites you but does no damage. The rat attacks as you move away!
The rat bites you but does no damage. You block the gnoll's attack.
The bat hits you but does no damage. The gnoll hits you with a +0 whip.
You completely miss the gnoll. You closely miss the rat.
You barely miss the gnoll. You hit the gnoll. You miss the bat.
The bat hits you. The rat bites you. The gnoll hits you with a +0 whip.
The gnoll hits you but does no damage. You block the gnoll's attack.
The quokka bites you but does no damage.
Unknown command.
You hit the gnoll.
The gnoll is almost dead.
You hit the gnoll. You slash the quokka!
You kill the quokka!
You hit the rat.
You kill the rat!
You slash the gnoll! The bat hits you but does no damage. x2
The gnoll hits you but does no damage. The gnoll hits you with a +0 whip.
* * * LOW HITPOINT WARNING * * *
The gnoll closely misses you.
You barely miss the gnoll.
The gnoll is almost dead.
You slash the gnoll! You slash the bat!
You kill the bat!
You closely miss the gnoll. The gnoll hits you but does no damage.
You block the gnoll's attack. The gnoll hits you but does no damage.
The gnoll closely misses you. The gnoll hits you with a +0 spear.
You die...

* * ,
#..........# *
#..........### ,
#............
*#....$.....# *
, , #..........#
, #(.........# ,
##.....ggJ..####
#......g@g......
* ,
.....#.g........
, #.#
,####....... ,
....... ,
*.......* *
....... *, *,
....... *
*....... , * ,*


You could see 4 gnolls, an endoplasm and a goblin.

Vanquished Creatures
  A quokka (D:2)
  A bat (D:2)
  2 rats
4 creatures vanquished.

Notes
Turn   | Place    | Note
-------+----------+-------------------------------------------
     0 | D:1      | bmack86 the Meteoran Fighter began the quest for the Orb.
     0 | D:1      | Reached XP level 1. HP: 19/19 MP: 2/2
   114 | D:2      | Slain by a gnoll

Illustrated notes

Levels and vault maps discovered:
D:1:      dpeg_arrival_rhombus, layout_loops_corners, serial_shops, shop
D:2:      layout_basic, basic_altar, uniq_sigmund, uniq_robin

Action                   || total
-------------------------++-------
Melee: War axe           ||     4
  Use: Potion            ||     1
Armor: Scale mail        ||    10
Dodge: Dodged            ||     2
Block: Buckler           ||     3
